 Dungeon Crawl Stone Soup version 0.27.0-1-g7a089689b8 (webtiles) character file.

Game seed: 17845926987264485924

54 SnakkuSnakku7 the Vandal (level 3, -4/23 HPs)
             Began as an Octopode Arcane Marksman on Aug 14, 2021.
             Slain by Robin (5 damage)
             ... on level 2 of the Dungeon.
             The game lasted 00:01:59 (2007 turns).

SnakkuSnakku7 the Vandal (Octopode Arcane Marksman) Turns: 2007, Time: 00:01:59

Health: -4/23      AC:  1    Str:  9    XL:     3   Next: 91%
Magic:  4/4        EV: 13    Int: 15    God:
Gold:   127        SH:  0    Dex: 13    Spells: 3/4 levels left

rFire    . . .     SeeInvis .   b - +0 short sword
rCold    . . .     Faith    .   (no shield)
rNeg     . . .     Spirit   .   (helmet restricted)
rPois    .         Reflect  .   (no amulet)
rElec    .         Harm     .   (no ring)
rCorr    .         Rampage  .   (no ring)
Will     .....                  (no ring)
Stlth    +++.......             (no ring)
HPRegen  0.07/turn              (no ring)
MPRegen  0.09/turn              (no ring)
                                (no ring)
                                (no ring)

@: no status effects
A: almost no armour, amphibious, 8 rings, camouflage 1, gelatinous body 1,
(nimble swimmer 1), tentacles
a: no special abilities


You were on level 2 of the Dungeon.
You visited 1 branch of the dungeon, and saw 2 of its levels.

You collected 127 gold pieces.

Inventory:

Hand Weapons
 a - a +0 hunting sling
 b - a +0 short sword (weapon)
Missiles
 c - 41 sling bullets
 f - 17 stones (quivered)
Scrolls
 h - 2 scrolls of enchant weapon {unknown}
 j - 2 scrolls of identify {unknown}
 k - 2 scrolls of teleportation {unknown}
Potions
 d - a potion of brilliance {unknown}
 e - a potion of heal wounds {unknown}
 g - 2 potions of berserk rage {unknown}
 i - a potion of curing {unknown}


   Skills:
 - Level 1.0 Fighting
 + Level 3.4 Slings
 - Level 2.0 Dodging
 - Level 2.3 Stealth
 - Level 1.0 Unarmed Combat
 - Level 1.0 Spellcasting
 - Level 3.0 Hexes


You had 3 spell levels left.
You knew the following spells:

 Your Spells              Type           Power      Damage    Failure   Level
a - Corona                Hex            10%        N/A       7%          1

Your spell library contained the following spells:

 Spells                   Type           Power      Damage    Failure   Level
 Slow                     Hex            9%         N/A       11%         2
 Inner Flame              Hex/Fire       5%         N/A       36%         3
 Portal Projectile        Hex/Tloc       10%        N/A       36%         3
 Cause Fear               Hex            4%         N/A       56%         4


Dungeon Overview and Level Annotations

Branches:
Dungeon (2/15)

Altars:

Annotations:
D:2 Robin


Innate Abilities, Weirdness & Mutations

You cannot wear most types of armour.
You are amphibious.
You can wear up to eight rings at the same time.
Your skin changes colour to match your surroundings (Stealth+).
Your rubbery body absorbs attacks. (AC +1, EV +1)
((You are camouflaged near water. (Stealth+)))
You have tentacles for arms and can constrict up to eight enemies at once.


Message History

Robin is moderately wounded.
You shoot a stone. The stone closely misses Robin.
You shoot a stone. The stone completely misses Robin.
The stone hits the goblin.
The goblin is severely wounded.
You shoot a stone. The stone closely misses Robin.
The stone barely misses the goblin. x2; The stone barely misses the hobgoblin.
You shoot a stone.
The stone hits Robin but does no damage.
Robin is moderately wounded.
You shoot a stone. The stone hits Robin.
Robin is moderately wounded.
A goblin comes into view. It is wielding a +0 club.
Robin misses you.
You shoot a stone. The goblin shouts! x2
The stone hits Robin.
Robin is heavily wounded.
Robin throws the goblin at you!
b - a +0 short sword (weapon)
The hobgoblin shouts!
The goblin misses you.
Unknown command.
You hit Robin. You grab Robin.
Robin is severely wounded.
You constrict Robin, but do no damage. Robin hits you with a +0 dagger.
The goblin hits you with a +0 club.
Unknown command.
You hit Robin but do no damage.
Robin is severely wounded.
You constrict Robin, but do no damage. Robin hits you with a +0 dagger.
The goblin barely misses you. Robin hits you with a +0 dagger.
* * * LOW HITPOINT WARNING * * *
Unknown command.
You hit Robin.
Robin is almost dead.
You constrict Robin, but do no damage. The goblin hits you with a +0 club.
* * * LOW HITPOINT WARNING * * *
Robin hits you with a +0 dagger.
You die...

################# ##
#...............# ##.#
######g####..#.###.#.# ##...#
#.)..@...##..#.#......
#.....###.##g#.#.##..#.#.#.#.#
.. ...##†#g##.#.##..#.#.#.#.#
#.##.##gg# #.......#.......#
#.....gg# ###.###.......###
#.##.#g## #..# #####.### #.(#
#.## #.# .(# #.# #.# ..##
#####.### #.#####


You could see Robin, 3 hobgoblins and 4 goblins.

Vanquished Creatures
  2 adders (D:2)
  2 worms (D:2)
  A dart slug (D:1)
  2 ball pythons (D:2)
  An endoplasm (D:2)
  A giant cockroach (D:1)
  4 goblins
  4 hobgoblins
  A quokka (D:1)
  2 frilled lizards (D:1)
  7 kobolds (D:2)
  2 rats (D:2)
29 creatures vanquished.

Notes
Turn   | Place    | Note
-------+----------+-------------------------------------------
     0 | D:1      | SnakkuSnakku7 the Octopode Arcane Marksman began the quest
                  | for the Orb.
     0 | D:1      | Reached XP level 1. HP: 13/13 MP: 2/2
   379 | D:1      | Reached skill level 1 in Stealth
   495 | D:1      | Reached XP level 2. HP: 12/18 MP: 3/3
  1019 | D:2      | Reached XP level 3. HP: 23/23 MP: 4/4
  1217 | D:2      | Reached skill level 1 in Unarmed Combat
  1960 | D:2      | Noticed Robin
  2007 | D:2      | HP: 1/23 [goblin[Robin] (5)]
  2007 | D:2      | Slain by Robin

Illustrated notes

Levels and vault maps discovered:
D:1:      dpeg_arrival_fog, layout_loops_ring
D:2:      layout_loops_corners, serial_shops, shop, item_on_display_a,
          uniq_robin

Skill      XL: |  1  2  3 |
---------------+----------+-----
Stealth        | 1 2 |  2.3
Slings         | 3 |  3.4
Unarmed Combat | 1 |  1.0
Fighting       | |  1.0
Dodging        | |  2.0
Spellcasting   | |  1.0
Hexes          | |  3.0

Action                   || total
-------------------------++-------
Melee: Unarmed           ||    36
       Tentacles         ||    13
       Constrict         ||    18
       Short sword       ||    17
       Hunting sling     ||     1
 Fire: Hunting sling     ||    67
 Stab: Sleeping          ||     6
Armor: Skin              ||     2
Dodge: Dodged            ||    39
